 Dungeon Crawl Stone Soup version 0.28.0-43-g3370ac3207 (webtiles) character file.

Game seed: 4676809511818881159

753 terff the Chopper (level 7, -16/52 HPs)
             Began as a Demonspawn Gladiator on Mar 30, 2022.
             Demolished by Menkaure (18 damage)
             ... on level 5 of the Dungeon.
             The game lasted 00:14:41 (3759 turns).

terff the Chopper (Demonspawn Gladiator)            Turns: 3759, Time: 00:14:42

Health: -16/52     AC: 12    Str: 19    XL:     7   Next: 49%
Magic:  7/7        EV: 13    Int: 10    God:
Gold:   102        SH:  0    Dex: 14    Spells: 6/6 levels left

rFire   . . .      SeeInvis +   l - +8 hand axe "Beetleslayer" {venom, *Slow Str+3}
rCold   . . .      Faith    .   (no shield)
rNeg    . . .      Spirit   .   m - +0 scale mail
rPois   .          Reflect  .   n - +1 helmet {SInv}
rElec   .          Harm     .   h - +2 cloak
rCorr   .          Rampage  .   (no gloves)
Will    .....                   (no boots)
Stlth   ..........              (no amulet)
HPRegen 0.17/turn               (no ring)
MPRegen 0.10/turn               (no ring)

@: slowed, very slow
A: repulsion field 1, ignite blood 1
a: no special abilities


You were on level 5 of the Dungeon.
You visited 1 branch of the dungeon, and saw 5 of its levels.

You collected 102 gold pieces.

Inventory:

Hand Weapons
 a - a +0 flail
 l - the +8 hand axe "Beetleslayer" (weapon) {venom, *Slow Str+3}
   (You found it on level 2 of the Dungeon)

   It poisons the flesh of those it strikes.
   Str:       It affects your strength (+3).
   *Slow:     It may slow you when you take damage.
Missiles
 d - 3 throwing nets (quivered)
Armour
 h - a +2 cloak (worn)
 m - a +0 scale mail (worn)
 n - a +1 helmet of see invisible (worn)
Wands
 j - a wand of flame (5)
 o - a wand of iceblast (12)
 q - a wand of acid (6)
Scrolls
 b - 2 scrolls of vulnerability
 c - a scroll of identify {unknown}
 p - a scroll of teleportation
 s - 2 scrolls of enchant armour
Potions
 e - 3 potions of heal wounds {unknown}
 f - 2 potions of attraction {unknown}
 g - a potion of invisibility {unknown}
 i - 3 potions of curing {unknown}
 k - a potion of brilliance {unknown}
 r - a potion of ambrosia {unknown}


   Skills:
 + Level 3.4 Fighting
 + Level 4.2(5.0) Axes
 + Level 3.8(4.8) Maces & Flails
 - Level 1.7 Throwing
 + Level 3.5 Armour
 + Level 3.7 Dodging
 + Level 0.8 Stealth


You had 6 spell levels left.
You didn't know any spells.
Your spell library was empty.

Dungeon Overview and Level Annotations

Branches:
Dungeon (5/15)
 Temple: D:4-7

Altars:
Ru
Trog

Shops:
D:4 ?

Annotations:
D:5 Menkaure


Innate Abilities, Weirdness & Mutations

You are surrounded by a mild repulsion field. (EV +2)
Your demonic aura sometimes causes spilled blood to erupt in flames.


Message History

You kill the goblin!
s - 2 scrolls of enchant armour
Things that are here:
a +0 club; a goblin corpse
Found a robe.
Done exploring.
Done exploring.
There is a stone staircase leading down here.
You climb downwards.
Level annotation: Menkaure The jelly hits you but does no damage.
There is a stone staircase leading up here.
The jelly misses you.
Menkaure gestures at you while chanting.
You struggle to resist.
You hit Menkaure.
Menkaure is lightly damaged.
You hit the jelly but do no damage.
The jelly is poisoned.
Your hands burn!
You feel yourself slow down. Menkaure hits you!
The jelly is engulfed in blazing flames.
You kill the jelly!
You hit Menkaure.
Menkaure is moderately damaged.
Menkaure mumbles some strange words.
Menkaure seems to speed up.
Menkaure hits you!
You hit Menkaure.
Menkaure is heavily damaged.
Menkaure hits you.
You barely miss Menkaure.
Menkaure is heavily damaged.
Menkaure hits you but does no damage. Menkaure hits you!
* * * LOW HITPOINT WARNING * * *
You hit Menkaure.
Menkaure is severely damaged.
Menkaure closely misses you.
Menkaure gestures at you while chanting.
Pain shoots through your body!
* * * LOW HITPOINT WARNING * * *
Menkaure hits you!!
You die...

########
#......#### #
#<.......
#####.#@..<...#
.......M....#.#
#####.#........
#.#.......# #
|........
#####.### .# #


You could see Menkaure (fast).

Vanquished Creatures
  Grinder (D:4)
  An orc warrior (D:3)
  A howler monkey (D:4)
  A bullfrog zombie (D:3)
  A jelly (D:5)
  Jessica (D:2)
  An iguana (D:4)
  Ijyb (D:3)
  4 orc wizards
  Robin (D:2)
  3 gnolls (D:3)
  4 adders
  An adder skeleton (D:4)
  4 worms
  6 dart slugs
  12 orcs
  4 ball pythons
  2 endoplasms
  2 giant cockroaches
  11 goblins
  7 hobgoblins
  7 kobolds
  4 quokkas
  2 bats (D:2)
  A frilled lizard (D:2)
  4 rats
87 creatures vanquished.

Notes
Turn   | Place    | Note
-------+----------+-------------------------------------------
     0 | D:1      | terff the Demonspawn Gladiator began the quest for the Orb.
     0 | D:1      | Reached XP level 1. HP: 16/16 MP: 1/1
    81 | D:1      | Gained mutation: Your demonic aura sometimes causes spilled
                  | blood to erupt in flames. [demonic ancestry]
    81 | D:1      | Reached XP level 2. HP: 11/22 MP: 2/2
   455 | D:1      | You fall into a shaft and drop 1 floor!
   838 | D:2      | Reached XP level 3. HP: 21/27 MP: 3/3
   856 | D:2      | Identified the +8 hand axe "Beetleslayer" {venom, *Slow
                  | Str+3}
   922 | D:2      | Noticed Robin
   948 | D:2      | Killed Robin
  1247 | D:2      | Noticed Jessica
  1248 | D:2      | Killed Jessica
  1249 | D:2      | Reached XP level 4. HP: 33/33 MP: 4/4
  1669 | D:3      | Reached skill level 1 in Axes
  1669 | D:3      | Reached skill level 1 in Armour
  1765 | D:3      | Noticed Ijyb
  1773 | D:3      | Killed Ijyb
  1774 | D:3      | Reached XP level 5. HP: 24/39 MP: 5/5
  2070 | D:3      | Reached skill level 2 in Axes
  2314 | D:3      | Found a bloodstained altar of Trog.
  2502 | D:3      | Found a faded altar of an unknown god.
  2548 | D:3      | Noticed an orc warrior
  2555 | D:3      | Gained mutation: You are surrounded by a mild repulsion
                  | field. (EV +2) [demonic ancestry]
  2555 | D:3      | Reached XP level 6. HP: 14/46 MP: 6/6
  2795 | D:3      | Killed an orc warrior
  3166 | D:3      | Found a sacrificial altar of Ru.
  3325 | D:4      | Found Ciazuxt's Magic Scroll Emporium.
  3494 | D:4      | Noticed Grinder
  3509 | D:4      | Paralysed by Grinder for 7 turns
  3523 | D:5      | Entered Level 5 of the Dungeon
  3523 | D:5      | Noticed Menkaure
  3536 | D:4      | Reached skill level 3 in Axes
  3538 | D:4      | Reached XP level 7. HP: 43/52 MP: 7/7
  3556 | D:4      | Killed Grinder
  3557 | D:4      | Reached skill level 4 in Axes
  3758 | D:5      | HP: 2/52 [Menkaure/nerve-wracking pain (12)]
  3759 | D:5      | Demolished by Menkaure

Illustrated notes

Levels and vault maps discovered:
D:1:      dpeg_arrival_arbitrary_a, layout_basic, dk_noncrumbling_3,
          dk_noncrumbling_4, interstate_on_off
D:2:      layout_loops_ring, uniq_robin, uniq_jessica
D:3:      kennysheep_big_flooded_room, layout_rooms, trog_antimagical,
          mainiacjoe_overflow_chevrons, basic_ecumenical_altar,
          kennysheep_small_spiral, minmay_close_crescents, uniq_ijyb
D:4:      layout_rooms, serial_shops, shop, uniq_grinder
D:5:      layout_loops_corners, makhleb_altar_promises_db,
          minmay_temple_entry_hall, uniq_menkaure

Skill      XL: |  1  2  3  4  5  6  7 |
---------------+----------------------+-----
Dodging        | 3 |  3.7
Maces & Flails | 3 |  3.8
Axes           | 1 2 3 4 |  4.2
Armour         | 1 2 3 |  3.5
Fighting       | 3 |  3.4
Throwing       | |  1.7
Stealth        | |  0.8

Action                   |  1- 3 |  4- 6 |  7- 9 || total
-------------------------+-------+-------+-------++-------
Melee: Flail             |    43 |       |       ||    43
       Hand axe          |    19 |    78 |    21 ||   118
  Use: Scroll            |     2 |     4 |       ||     6
Armor: Leather armour    |    18 |     1 |       ||    19
       Scale mail        |       |    33 |     7 ||    40
Dodge: Dodged            |    30 |    53 |     9 ||    92
